 Dungeon Crawl Stone Soup version 0.30.1-11-g7821555f0a (webtiles) character file.

Game seed: 7760891313184619850

9161 PaiMei the Reanimator (level 11, -10/87 HPs)
             Began as a Demonspawn Necromancer on Jan 12, 2024.
             Mangled by a two-headed ogre
             ... wielding a +0 giant club
              (15 damage)
             ... on level 10 of the Dungeon.
             The game lasted 00:17:02 (14304 turns).

PaiMei the Reanimator (Demonspawn Necromancer)     Turns: 14304, Time: 00:17:02

Health: -10/87     AC: 16    Str:  9    XL:     11   Next: 19%
Magic:  1/32       EV: 15    Int: 20    God:
Gold:   610        SH:  0    Dex: 14    Spells: 13/26 levels left

rFire   . . .        B - +2 dagger (drain)
rCold   . . .        (no shield)
rNeg    . . .        v - +3 leather armour
rPois   .            (helmet restricted)
rElec   .            (no cloak)
rCorr   +            I - +0 pair of gloves
SInv    .            H - +0 pair of boots
Will    .....        (no amulet)
Stlth   ++           i - +4 ring of protection
HPRegen 0.34/turn    u - ring of magical power
MPRegen 0.23/turn

%: no passive effects
@: no status effects
A: antennae 1, yellow scales 3, spiny 2, corrupting presence 1
a: no special abilities


You were on level 10 of the Dungeon.
You visited 1 branch of the dungeon, and saw 10 of its levels.
You also visited: Sewer.

You collected 610 gold pieces.

Inventory:

Hand Weapons
 w - a +0 morningstar of protection
 B - a +2 dagger of draining (weapon)
Missiles
 r - 13 poisoned darts
 s - 5 curare-tipped darts (quivered)
Armour
 v - a +3 leather armour (worn)
 H - a +0 pair of boots (worn)
 I - a +0 pair of gloves (worn)
 N - a +0 troll leather armour
Jewellery
 a - a ring of magical power
 i - a +4 ring of protection (left hand)
 j - a ring of flight
 u - a ring of magical power (right hand)
 J - a ring of protection from cold
 L - a ring of see invisible
 Q - a +6 ring of dexterity
 R - a ring of poison resistance
Wands
 e - a wand of mindburst (9)
 A - a wand of polymorph (4)
Scrolls
 d - 4 scrolls of enchant armour {unknown}
 f - 3 scrolls of vulnerability {unknown}
 g - a scroll of noise {unknown}
 k - 13 scrolls of identify {unknown}
 n - 2 scrolls of magic mapping {unknown}
 p - a scroll of fog {unknown}
 t - 5 scrolls of teleportation {unknown}
 x - 7 scrolls of blinking
 y - a scroll of silence {unknown}
 z - 2 scrolls of enchant weapon {unknown}
 C - a scroll of fear {unknown}
 F - 2 scrolls of immolation {unknown}
 P - a scroll of amnesia {unknown}
Potions
 b - 3 potions of magic
 c - 2 potions of attraction {unknown}
 h - 2 potions of degeneration {unknown}
 l - 4 potions of curing {unknown}
 m - 2 potions of brilliance {unknown}
 o - 2 potions of cancellation {unknown}
 q - 6 potions of flight {unknown}
 D - 4 potions of lignification {unknown}
 E - 3 potions of mutation {unknown}
 G - 2 potions of berserk rage {unknown}
 K - a potion of heal wounds {unknown}
 M - a potion of invisibility {unknown}
Miscellaneous
 O - a box of beasts


   Skills:
 + Level 8.4 Fighting
 + Level 2.8 Armour
 + Level 8.2 Dodging
 - Level 2.3 Stealth
 + Level 8.2 Spellcasting
 + Level 10.4 Necromancy


You had 13 spell levels left.
You knew the following spells:

 Your Spells              Type           Power      Damage    Failure   Level
a - Necrotise             Necr           100%       1d9       1%          1
b - Vampiric Draining     Necr           50%        2d9       1%          3
c - Animate Dead          Necr           50%        N/A       1%          4
d - Agony                 Necr           50%        N/A       4%          5

Your spell library contained the following spells:

 Spells                   Type           Power      Damage    Failure   Level
 Apportation              Tloc           16%        N/A       12%         1
 Summon Small Mammal      Summ           32%        N/A       12%         1
 Ensorcelled Hibernation  Hex/Ice        16%        N/A       17%         2
 Lesser Beckoning         Tloc           16%        N/A       17%         2
 Passwall                 Tmut/Erth      6%         N/A       17%         2
 Gell's Gravitas          Tloc           8%         N/A       34%         3
 Stone Arrow              Conj/Erth      16%        3d8       34%         3
 Swiftness                Air            8%         N/A       34%         3
 Teleport Other           Tloc           8%         N/A       34%         3
 Animate Armour           Summ/Erth      16%        N/A       75%         4
 Lehudib's Crystal Spear  Conj/Erth      4%         10d3      100%        8


Dungeon Overview and Level Annotations

Branches:
Dungeon (10/15)            Temple (0/1) D:7            Lair (0/5) D:10
  Sewer (visited)
    Orc: D:9-12

Altars:
Ashenzari
Dithmenos
Qazlal
Ru
Wu Jian
Xom

Shops:
D:10 *

Portals:
Abyss: D:5

Annotations:
D:3 1 runed translucent door, BaconRulez's ghost, amateur HuFi
D:5 2 transporters, Djon's ghost, novice MiBe
D:7 3 runed translucent doors, hawla's ghost, novice DrCj
D:10 Erolcha


Innate Abilities, Weirdness & Mutations

You have a pair of small antennae on your head.
You are completely covered in yellow scales. (AC +4, rCorr)
You are mostly covered in sharp spines.
Your presence sometimes corrodes those you injure.


Message History

The two-headed ogre is struck by your spines.
The two-headed ogre closely misses you. The two-headed ogre barely misses you.
Casting: Vampiric Draining (safe; 1% risk of failure)
Confirm with . or Enter, or press ? or * to list all spells.
Aiming: Vampiric Draining (safe; 1% risk of failure)
Press: ? - help, Shift-Dir - straight line, f/p - two-headed ogre
Aim: a two-headed ogre, wielding two +0 giant clubs (heavily wounded)
You draw life force from the two-headed ogre!
You feel life coursing into your body.
The two-headed ogre hits you with a +0 giant club!
* * * LOW HITPOINT WARNING * * *
The two-headed ogre hits you with a +0 giant club.
* * * LOW HITPOINT WARNING * * *
Casting: Vampiric Draining (safe; 1% risk of failure)
Confirm with . or Enter, or press ? or * to list all spells.
You don't have enough magic to cast this spell.
Casting: Vampiric Draining (safe; 1% risk of failure)
Confirm with . or Enter, or press ? or * to list all spells.
You don't have enough magic to cast this spell.
Casting: Vampiric Draining (safe; 1% risk of failure)
Confirm with . or Enter, or press ? or * to list all spells.
You don't have enough magic to cast this spell.
You barely miss the two-headed ogre.
The two-headed ogre is heavily wounded.
You closely miss the two-headed ogre.
The two-headed ogre is heavily wounded.
The two-headed ogre hits you with a +0 giant club!
* * * LOW HITPOINT WARNING * * *
The two-headed ogre hits you with a +0 giant club.
* * * LOW HITPOINT WARNING * * *
Aiming: Polymorph
Press: ? - help, Shift-Dir - straight line, f/p - two-headed ogre
Aim: a two-headed ogre, wielding two +0 giant clubs (heavily wounded, will become a wind drake, a faun, or an orb spider, chance to affect: 31%)
Okay, then.
Aiming: Mindburst
Press: ? - help, Shift-Dir - straight line, f/p - two-headed ogre
Aim: a two-headed ogre, wielding two +0 giant clubs (heavily wounded, chance to affect: 47%)
The two-headed ogre's minds are blasted!!
The two-headed ogre hits you with a +0 giant club!
You die...

..............
##.........###.......
#..........# #...###.
###..........###..## #
##.................# #
#..................## ##
.)..................###.
......[O................
.......@................
(.......................
........................
........................
........................
..:............###......
>........###..## ##.....
.........# #..# #....#
........###..## ##.....


You could see a two-headed ogre.

Vanquished Creatures
  Gastronok (D:10)
  Pikel (D:5)
  Joseph (D:7)
  A komodo dragon (D:9)
  3 trolls (D:9)
  Grinder (D:5)
  2 hornets
  A wyvern (D:9)
  6 yaks
  A steam dragon (D:8)
  3 vampire mosquitoes (D:9)
  An acid dragon (D:8)
  An ice beast (D:6)
  4 orc warriors
  A sky beast (D:7)
  3 ogres
  2 black bears
  4 centaurs
  3 lemures
  A kobold brigand (D:6)
  2 phantoms
  5 bullfrogs
  5 scorpions
  A gnoll sergeant (D:7)
  9 wights
  5 howler monkeys
  2 gnoll boudas (D:5)
  6 hounds
  A jelly (D:5)
  9 orc priests
  13 orc wizards
  3 iguanas
  9 gnolls
  12 adders
  A shadow imp (D:5)
  A white imp (D:7)
  An ufetubus (D:5)
  3 worms
  3 dart slugs
  42 orcs
  2 bats (D:1)
  14 endoplasms
  7 giant cockroaches
  2 goblins
  2 hobgoblins (D:4)
  2 jackals
  11 quokkas
  6 ball pythons
  13 frilled lizards
  17 kobolds
  4 rats
254 creatures vanquished.

Vanquished Creatures (collateral kills)
  A bullfrog (Sewer)
  A worm (D:4)
  An endoplasm (Sewer)
  A quokka (Sewer)
  2 frilled lizards (Sewer)
6 creatures vanquished.

Grand Total: 260 creatures vanquished

Notes
Turn   | Place    | Note
-------+----------+-------------------------------------------
     0 | D:1      | PaiMei the Demonspawn Necromancer began the quest for the
                  | Orb.
     0 | D:1      | Reached XP level 1. HP: 13/13 MP: 3/3
   313 | D:1      | Gained mutation: You are partially covered in sharp spines.
                  | [demonic ancestry]
   313 | D:1      | Reached XP level 2. HP: 18/19 MP: 3/5
  1072 | D:2      | Gained mutation: You have a pair of small antennae on your
                  | head. [demonic ancestry]
  1072 | D:2      | Reached XP level 3. HP: 24/24 MP: 2/6
  1076 | D:2      | Learned a level 3 spell: Vampiric Draining
  1958 | D:3      | Found a shimmering altar of Xom.
  2020 | D:3      | Found a runed translucent door.
  2040 | D:3      | Noticed BaconRulez's ghost (amateur HuFi)
  2241 | D:3      | Gained mutation: You are partially covered in yellow
                  | scales. (AC +2) [demonic ancestry]
  2241 | D:3      | Reached XP level 4. HP: 31/31 MP: 3/7
  2836 | D:4      | Reached skill level 1 in Fighting
  2935 | D:4      | Found an ornate altar of the Wu Jian Council.
  2937 | D:4      | Noticed a scorpion
  2941 | D:4      | Killed a scorpion
  2942 | D:4      | Reached skill level 5 in Necromancy
  2942 | D:4      | Reached XP level 5. HP: 37/37 MP: 3/9
  3293 | D:4      | Found a sacrificial altar of Ru.
  3301 | D:4      | Found a shadowy altar of Dithmenos.
  3730 | D:5      | Entered Level 5 of the Dungeon
  3730 | D:5      | Found a transporter.
  3788 | D:5      | Noticed a lemure
  3894 | D:5      | You fall into a shaft and drop 3 floors!
  3910 | D:8      | Noticed an orc warrior
  4103 | D:7      | Reached XP level 6. HP: 39/44 MP: 11/11
  4128 | D:7      | Found a runed translucent gate.
  4128 | D:7      | Found a runed translucent gate.
  4128 | D:7      | Found a runed translucent gate.
  4134 | D:7      | Noticed hawla's ghost (novice DrCj)
  4135 | D:7      | Noticed a water moccasin
  4137 | D:7      | Noticed a steam dragon
  4333 | D:6      | Reached XP level 7. HP: 52/52 MP: 12/12
  4448 | D:6      | Reached skill level 6 in Necromancy
  4700 | D:6      | Found a glowing drain.
  4749 | Sewer    | Entered a sewer
  5330 | Sewer    | Gained mutation: You are mostly covered in yellow scales.
                  | (AC +3) [demonic ancestry]
  5330 | Sewer    | Reached XP level 8. HP: 59/60 MP: 11/14
  6030 | D:7      | Reached skill level 7 in Necromancy
  6103 | D:6      | Reached skill level 5 in Spellcasting
  6277 | D:7      | Reached skill level 5 in Dodging
  6527 | D:7      | Found a staircase to the Ecumenical Temple.
  6625 | D:7      | Reached skill level 5 in Fighting
  6832 | D:7      | Noticed a hornet
  6841 | D:7      | Paralysed by a hornet for 1 turns
  6843 | D:7      | Killed a hornet
  6844 | D:7      | Gained mutation: You are mostly covered in sharp spines.
                  | [demonic ancestry]
  6844 | D:7      | Reached XP level 9. HP: 63/68 MP: 12/17
  6887 | D:7      | Noticed Joseph
  7218 | D:7      | Killed Joseph
  7219 | D:7      | Reached skill level 8 in Necromancy
  7522 | D:7      | Learned a level 4 spell: Animate Dead
  7528 | D:7      | Learned a level 5 spell: Agony
  8164 | D:5      | Found a transporter.
  8437 | D:5      | Noticed Djon's ghost (novice MiBe)
  8523 | D:5      | Found a one-way gate to the infinite horrors of the Abyss.
  8620 | D:5      | Noticed Grinder
  8656 | D:5      | Paralysed by Grinder for 4 turns
  8668 | D:5      | Paralysed by Grinder for 5 turns
  8683 | D:5      | Killed Grinder
  8842 | D:5      | Noticed Pikel
  8869 | D:5      | Killed Pikel
  8870 | D:5      | Reached skill level 9 in Necromancy
  9065 | D:5      | Gained mutation: Your presence sometimes corrodes those you
                  | injure. [demonic ancestry]
  9065 | D:5      | Reached XP level 10. HP: 77/77 MP: 20/20
 10715 | D:8      | Found a stormy altar of Qazlal.
 10759 | D:8      | Found a broken altar of Ashenzari.
 11903 | D:9      | Reached skill level 1 in Armour
 11937 | D:9      | Reached skill level 10 in Necromancy
 12770 | D:10     | Entered Level 10 of the Dungeon
 12777 | D:10     | Found a staircase to the Lair.
 12783 | D:10     | Found Yxum's Assorted Antiques.
 13056 | D:10     | Noticed Gastronok
 13100 | D:10     | Gained mutation: You are completely covered in yellow
                  | scales. (AC +4, rCorr) [demonic ancestry]
 13100 | D:10     | Reached XP level 11. HP: 63/85 MP: 21/22
 13474 | D:10     | Noticed Erolcha
 14290 | D:10     | Noticed a two-headed ogre
 14299 | D:10     | Killed Gastronok
 14304 | D:10     | Mangled by a two-headed ogre

Illustrated notes

Levels and vault maps discovered:
D:1:      shiori_arrival_oz, layout_loops_ring
D:2:      layout_rooms, minmay_pentomino_pile
D:3:      layout_loops_ring, nicolae_tso_swordbearing_angel, lemuel_tele_altar,
          ebering_ghost_sewer_d
D:4:      layout_basic, nzn_wu_jian_council_hall, minitemple
D:5:      layout_rooms, gammafunk_ghost_abyssal_escape, minmay_pentangle,
          uniq_pikel, uniq_grinder
D:6:      layout_gridville, cheibrodos_sewer_entry_drain
D:7:      layout_cave_pools, minmay_temple_entry_slanted, enter_bailey_2,
          gammafunk_ghost_split, uniq_joseph
D:8:      layout_cave_pools, nicolae_ashenzari_panopticon,
          nicolae_overflow_crystal_walls, minmay_hedge_maze,
          minmay_strange_pillars, grunt_ministairs_3, kennysheep_nub
D:9:      layout_loops_cross
D:10:     layout_big_octagon, lair_entry_dummy, serial_shops, shop_fountains,
          evilmike_minifort, uniq_erolcha, uniq_gastronok

Skill      XL: |  1  2  3  4  5  6  7  8  9 10 11 |
---------------+----------------------------------+-----
Stealth        | 2 |  2.3
Dodging        | 2 3 4 5 6 8 |  8.2
Fighting       | 1 2 3 4 5 6 8 |  8.4
Necromancy     | 5 6 7 9 10 | 10.4
Spellcasting   | 3 4 5 6 7 8 |  8.2
Armour         | 2 |  2.8

Action                     |  1- 3 |  4- 6 |  7- 9 | 10-12 || total
---------------------------+-------+-------+-------+-------++-------
  Melee: Short sword       |       |    36 |       |       ||    36
         Morningstar       |       |       |    12 |       ||    12
         Dagger            |       |       |    78 |   116 ||   194
         Punch             |       |       |     2 |     1 ||     3
   Cast: Necrotise         |    65 |    66 |   135 |    60 ||   326
         Vampiric Draining |       |     6 |    62 |    65 ||   133
         Agony             |       |       |       |     5 ||     5
  Evoke: Wand              |       |       |       |     1 ||     1
 Armour: Robe              |     5 |    18 |    59 |    11 ||    93
         Leather armour    |       |       |       |    65 ||    65
  Dodge: Dodged            |     5 |    22 |   120 |   145 ||   292
